 Dungeon Crawl Stone Soup version 0.23-a0-650-ga4d50d4 (webtiles) character file.

154 Amnesiac the Digger (level 5, 18/18 HPs)
             Began as a Felid Earth Elementalist on Jan 5, 2019.
             Quit the game on level 5 of the Dungeon.
             The game lasted 00:05:44 (2423 turns).

Amnesiac the Digger (Felid Earth Elementalist)      Turns: 2423, Time: 00:05:45

Health: 18/18      AC:  4    Str:  4    XL:     5   Next: 13%
Magic:  12/12      EV: 19    Int: 19    God:
Gold:   69         SH:  0    Dex: 16    Spells: 5/12 levels left
                                        Lives:  0   Deaths: 1

rFire    . . .     SeeInvis +   (weapon unavailable)
rCold    . . .     Gourm    .   (shield unavailable)
rNeg     . . .     Faith    .   (armour unavailable)
rPois    .         Spirit   .   (helmet unavailable)
rElec    .         Reflect  .   (cloak unavailable)
rCorr    .         Harm     .   (gloves unavailable)
MR       .....                  (boots unavailable)
Stlth    +++.......             (no amulet)
HPRegen  0.06/turn              (no ring)
MPRegen  0.13/turn              (no ring)

@: quick
A: very small, no armour, no weapons or thrown items, stealth, claws 1, fangs 3,
horns 1, yellow scales 1, see invisible, carnivore, speed 1, frail 1, shaggy fur
2, slow metabolism 1, sharp paws
a: no special abilities


You were on level 5 of the Dungeon.
You were not hungry.

You visited 1 branch of the dungeon, and saw 5 of its levels.

You collected 69 gold pieces.

Inventory:

Missiles
 b - 18 stones
Jewellery
 d - an uncursed ring of fire {unknown}
Scrolls
 a - 4 scrolls of remove curse {!r, unknown}
 e - a scroll of identify {!r, unknown}
 f - a scroll of blinking {!r, unknown}
 h - a scroll of fog {!r, unknown}
Comestibles
 c - 3 rations
 i - a chunk of flesh


   Skills:
 - Level 3.5 Dodging
 - Level 2.6 Stealth
 + Level 4.3 Spellcasting
 - Level 2.0 Transmutations
 + Level 4.3 Earth Magic


You had 5 spell levels left.
You knew the following spells:

 Your Spells              Type           Power        Failure   Level  Hunger
a - Sandblast             Erth           ###...       2%          1    None
b - Passwall              Tmut/Erth      ###.....     5%          2    #......
e - Petrify               Tmut/Erth      ###.....     34%         4    ####...

Your spell library contained the following spells:

 Spells                   Type           Power        Failure   Level  Hunger
 Stone Arrow              Conj/Erth      ##....       16%         3    ###....
 Lee's Rapid Deconstruct  Erth           ###.......   52%         5    ######.


Dungeon Overview and Level Annotations

Branches:
Dungeon (5/15)
 Temple: D:4-7

Altars:
Elyvilon
Makhleb
Nemelex Xobeh
Qazlal
Trog
Uskayaw

Shops:
D:4 %

Annotations:
D:4 exclusions: worker ant and 1 more exclusion, Duvessa


Innate Abilities, Weirdness & Mutations

You cannot wear armour.
You are incapable of wielding weapons or throwing items.
Your paws allow you to move quietly. (Stealth)
You have sharp claws.
You have razor-sharp teeth.
You have supernaturally acute eyesight. (SInv)
You are carnivorous and can eat meat at any time.
You cover ground quickly.
You are covered in thick fur. (AC +2)
You have a slow metabolism.
Your sharp claws are effective at attacking unaware monsters.
You have a pair of small horns on your head.
You are partially covered in yellow scales. (AC +2)
You are frail. (-10% HP)


Message History

* * * LOW HITPOINT WARNING * * *
You are more poisoned.
The worker ant poisons you!
Casting: Sandblast (safe; 2% risk of failure)
Confirm with . or Enter, or press ? or * to list all spells.
Aiming: Sandblast (safe; 2% risk of failure)
Press: ? - help, Shift-Dir - straight line, f/p - worker ant
Aim: a worker ant (severely wounded)
The blast of sand misses the worker ant.
b - 20 stones
* * * LOW HITPOINT WARNING * * *
You feel sick. The worker ant misses you.
Casting: Sandblast (safe; 2% risk of failure)
Confirm with . or Enter, or press ? or * to list all spells.
Aiming: Sandblast (safe; 2% risk of failure)
Press: ? - help, Shift-Dir - straight line, f/p - worker ant
Aim: a worker ant (severely wounded)
The blast of sand hits the worker ant.
You kill the worker ant!
You have reached level 6!
Your experience leads to an increase in your attributes!
Increase (S)trength, (I)ntelligence, or (D)exterity?
You feel clever.
Your fur grows into a thick mane.
b - 19 stones
* * * LOW HITPOINT WARNING * * *
You feel sick.
Really quaff
g - a glowing green potion {!q}?
It was a potion of mutation {!q}.
You feel extremely strange.
You feel frail. A pair of horns grows on your head!
Yellow scales grow over part of your body.
* * * LOW HITPOINT WARNING * * *
You feel sick.
* * * LOW HITPOINT WARNING * * *
You feel sick.
* * * LOW HITPOINT WARNING * * *
You feel sick.
* * * LOW HITPOINT WARNING * * *
You feel sick.
There is a stone staircase leading down here.
You climb downwards.
You hear the sound of rushing water.
There is an entrance to a sewer on this level.
Hurry and find it before the An adder comes into view.
* * * LOW HITPOINT WARNING * * *
You feel sick.
Found 13 gold pieces.
There is a stone staircase leading up here.
Casting: Sandblast (safe; 2% risk of failure)
Confirm with . or Enter, or press ? or * to list all spells.
Aiming: Sandblast (safe; 2% risk of failure)
Press: ? - help, Shift-Dir - straight line, f - adder
Aim: an adder (resting)
The blast of sand hits the adder.
You kill the adder!
b - 18 stones You die...
You feel sick.
You are now level 5!
You rejoin the land of the living...
Found a rapier.
You can't grasp things well enough to throw them.
Unknown command.
Are you sure you want to abandon this character and quit the game? (Confirm

## .. #. #. ##
# #. #.#.# .
##.#....#
....+.......#.#
.......@.)....#
...#########..#


There were no monsters in sight!

Vanquished Creatures
  A bullfrog (D:4)
  Dowan (D:4)
  A scorpion (D:4)
  An orc priest (D:4)
  2 worker ants (D:4)
  An adder (D:5)
  An ooze (D:2)
  3 leopard geckos (D:4)
  5 orcs
  3 bats (D:2)
  A giant cockroach (D:1)
  4 hobgoblins
  4 jackals (D:2)
  5 kobolds
  A quokka (D:2)
  2 frilled lizards (D:1)
  6 goblins
  3 rats
45 creatures vanquished.

Notes
Turn   | Place    | Note
-------+----------+-------------------------------------------
     0 | D:1      | Amnesiac the Felid Earth Elementalist began the quest for
                  | the Orb.
     0 | D:1      | Reached XP level 1. HP: 7/7 MP: 4/4
   213 | D:2      | Found a stormy altar of Qazlal.
   225 | D:2      | Reached XP level 2. HP: 9/11 MP: 6/6
   232 | D:2      | Learned a level 2 spell: Passwall
   987 | D:2      | Reached XP level 3. HP: 12/14 MP: 5/8
  1101 | D:3      | Found a hide-covered altar of Uskayaw.
  1261 | D:4      | Noticed a bullfrog
  1276 | D:4      | Found a burning altar of Makhleb.
  1278 | D:4      | Found a white marble altar of Elyvilon.
  1280 | D:4      | Found a sparkling altar of Nemelex Xobeh.
  1296 | D:4      | Killed a bullfrog
  1296 | D:4      | Reached XP level 4. HP: 17/18 MP: 4/10
  1312 | D:4      | Learned a level 4 spell: Petrify
  1395 | D:4      | Found a bloodstained altar of Trog.
  1424 | D:4      | Found Bopp's Food Emporium.
  1941 | D:4      | Reached XP level 5. HP: 20/21 MP: 6/11
  2125 | D:4      | Noticed Dowan
  2185 | D:4      | Noticed Duvessa
  2376 | D:4      | Killed Dowan
  2414 | D:4      | Gained mutation: You are covered in thick fur. (AC +2)
                  | [Felid growth]
  2414 | D:4      | Reached XP level 6. HP: 7/24 MP: 6/13
  2415 | D:4      | Gained mutation: You are frail. (-10% HP) [potion of
                  | mutation]
  2415 | D:4      | Gained mutation: You have a pair of small horns on your
                  | head. [potion of mutation]
  2415 | D:4      | Gained mutation: You are partially covered in yellow
                  | scales. (AC +2) [potion of mutation]
  2421 | D:5      | Entered Level 5 of the Dungeon
  2421 | D:5      | HP: 1/21 [poisoned by a worker ant]
  2422 | D:5      | Succumbed to a worker ant's poison
  2423 | D:5      | Reached XP level 5. HP: 0/18 MP: 6/12
  2423 | D:5      | Quit the game

Vault maps used:
D:1:      nagdon_arrival_zigzag_paths, serial_curves, eino_curves_01,
          eino_curves_04, eino_curves_04, roderic_cross_of_infinity, hex_medium,
          minmay_pentomino_u2
D:2:      lemuel_crystal_altar, chequers_ecumenical_altar_island
D:3:      nicolae_overflow_hidden_temple, yredelemnul_forgotten_temple_becter,
          serial_co_window_serial, co_window_paths_a, co_window_paths_a,
          co_window_corner_a, co_window_paths_a, co_window_corner_a,
          co_window_of_opportunity_b, co_window_cross_2,
          co_window_unsneaky_path_b, co_window_broadway_c, co_window_corner_b,
          co_window_corner_cb, glass_columns_a, glass_columns_a,
          glass_columns_b, first_ration
D:4:      grunt_temple_overflow_diamond, marbit_many_paths, serial_shops, shop,
          trog_wizard, uniq_duvessa
D:5:      temple_fountains, gup_sewer_entry_pipe, serial_bayou_pond_d

Skill      XL: |  1  2  3  4  5 |
---------------+----------------+-----
Dodging        | 3 |  3.5
Earth Magic    | 3 4 |  4.3
Spellcasting   | 3 4 |  4.3
Transmutations | 2 |  2.0
Stealth        | |  2.6

Action                   |  1- 3 |  4- 6 || total
-------------------------+-------+-------++-------
Melee: Unarmed           |    55 |     9 ||    64
       Bite              |     2 |       ||     2
 Cast: Sandblast         |    36 |    36 ||    72
       Passwall          |     3 |     1 ||     4
  Use: Potion            |       |     1 ||     1
 Stab: Sleeping          |     6 |     2 ||     8
  Eat: Chunk             |     8 |     2 ||    10
Armor: Skin              |     9 |       ||     9
Dodge: Dodged            |    78 |    19 ||    97

Table legend:
 A = Non-vault XP
 B = Vault XP
 C = Vault XP percentage of total XP
 D = Non-vault monster count
 E = Vault monster count
 F = Vault count percentage of total count
                 A         B        C        D         E       F
            +---------+---------+-------+---------+---------+-------
      Total |     361 |      67 |  15.7 |      44 |       1 |   2.2
            +---------+---------+-------+---------+---------+-------
        D:1 |      12 |       0 |   0.0 |       8 |       0 |   0.0
        D:2 |      36 |       0 |   0.0 |      17 |       0 |   0.0
        D:3 |      14 |       0 |   0.0 |       7 |       0 |   0.0
        D:4 |     286 |      67 |  19.0 |      11 |       1 |   8.3
        D:5 |      13 |       0 |   0.0 |       1 |       0 |   0.0
            +---------+---------+-------+---------+---------+-------
